 Dungeon Crawl Stone Soup version 0.20.1-1-g8b1a95d66d (webtiles) character file.

97 Popi the Slasher (level 5, 0/42 HPs)
             Began as a Human Fighter on Dec 18, 2017.
             Was an Initiate of Trog.
             Succumbed to a worker ant's poison
             ... on level 4 of the Dungeon.
             The game lasted 00:03:56 (1801 turns).

Popi the Slasher (Human Fighter)                    Turns: 1801, Time: 00:03:57

Health: 0/42       AC:  3    Str: 25    XL:     5   Next: 0%
Magic:  4/4        EV: 14    Int:  8    God:    Trog [......]
Gold:   141        SH:  0    Dex: 17    Spells: 4/4 levels left

rFire    . . .     SeeInvis .   a - +0 long sword
rCold    . . .     Gourm    .   (no shield)
rNeg     . . .     Faith    .   b - +0 scale mail
rPois    .         Spirit   .   (no helmet)
rElec    .         Reflect  .   (no cloak)
rCorr    .         Harm     .   (no gloves)
MR       .....                  (no boots)
Stlth    ..........             (no amulet)
Regen    0.2/turn               p - ring of loudness (curse)
MPRegen  0.1/turn               i - -3 ring of protection (curse)

@: mighty, agile, lethally poisoned (0 -> -4)
A: blurry vision 1, low mp 1, strong 1
a: Burn Spellbooks, Renounce Religion


You were on level 4 of the Dungeon.
You worshipped Trog.
Trog was noncommittal.
You were very hungry.

You visited 2 branches of the dungeon, and saw 5 of its levels.

You collected 141 gold pieces.

Inventory:

Hand Weapons
 a - a +0 long sword (weapon)
Armour
 b - a +0 scale mail (worn)
 c - a +0 shield
Jewellery
 h - an uncursed ring of see invisible
 i - a cursed -3 ring of protection (right hand)
 p - a cursed ring of loudness (left hand)
Scrolls
 e - 3 scrolls of remove curse
 l - a scroll of recharging
Potions
 k - a potion of agility
 n - a potion of haste
Comestibles
 f - a bread ration
 g - 3 meat rations
 j - a royal jelly
 o - 2 fruits


   Skills:
 + Level 3.9 Fighting
 - Level 4.0 Long Blades
 - Level 3.0 Armour
 - Level 3.0 Shields


You had 4 spell levels left.
You didn't know any spells.

Dungeon Overview and Level Annotations

Branches:
Dungeon (4/15)             Temple (1/1) D:4

Altars:
Cheibriados
Elyvilon
Gozag
Hepliaklqana
Kikubaaqudgha
Makhleb
Nemelex Xobeh
Trog
Uskayaw
Vehumet
Zin

Annotations:
D:3 Popi's ghost, amateur HuFi


Innate Abilities, Weirdness & Mutations

Scrolls take you a little longer to read.
Your magical capacity is low. (-10% MP)
Your muscles are strong. (Str +2)


Message History

An orc comes into view. It is wielding a dagger of distortion.
The orc shouts!
An orc comes into view. It is wielding a hand axe.
You feel sick.
The orc shouts!
You feel sick.
You feel sick.
A puff of frost appears from out of thin air!
The puff of frost hits you!
* * * LOW HITPOINT WARNING * * *
* * * LOW HITPOINT WARNING * * *
You feel sick.
* * * LOW HITPOINT WARNING * * *
You feel sick.
It was a potion of agility.
You feel agile all of a sudden. Something hits you.
* * * LOW HITPOINT WARNING * * *
You feel very mighty all of a sudden.
You die...

######.#.#
.#o###....# #.#.#
....#{>..# ##.#.#
#.#.#†#..#
#....####.#.#.#.....
#..........o..#.#####
#..####o####..#.#
#..##.....##..#..
#..#...{...#..###
#..#...@...#..#
#......_.....##
#..#.......#...
#..#[...(..#..# #.
##.....## .# ###.###
... ###


You could see an orc.

Vanquished Creatures
  A worker ant (D:4)
  An adder (D:2)
  An adder skeleton (D:4)
  A worm (D:2)
  A dart slug (D:1)
  3 leopard geckos
  A ball python (D:1)
  4 bats
  3 giant cockroaches
  6 goblins
  9 hobgoblins
  7 jackals
  4 kobolds
  A quokka (D:2)
  3 frilled lizards
  A rat (D:3)
47 creatures vanquished.

Notes
Turn   | Place    | Note
-------+----------+-------------------------------------------
     0 | D:1      | Popi the Human Fighter began the quest for the Orb.
     0 | D:1      | Reached XP level 1. HP: 18/18 MP: 1/1
   112 | D:1      | Reached XP level 2. HP: 20/24 MP: 2/2
   142 | D:1      | Reached skill level 3 in Long Blades
   295 | D:1      | Reached XP level 3. HP: 26/29 MP: 3/3
   637 | D:2      | Reached skill level 4 in Long Blades
   637 | D:2      | Reached XP level 4. HP: 23/35 MP: 4/4
   778 | D:2      | Gained mutation: Your magical capacity is low. (-10% MP) [potion of mutation]
   778 | D:2      | Gained mutation: Scrolls take you a little longer to read. [potion of mutation]
   778 | D:2      | Gained mutation: Your muscles are strong. (Str +2) [potion of mutation]
  1239 | D:3      | Found a snail-covered altar of Cheibriados.
  1269 | D:3      | Noticed Popi's ghost (amateur HuFi)
  1419 | D:4      | Found a staircase to the Ecumenical Temple.
  1433 | Temple   | Entered the Ecumenical Temple
  1696 | Temple   | Became a worshipper of Trog the Wrathful
  1762 | D:4      | Found a hide-covered altar of Uskayaw.
  1790 | D:4      | Reached XP level 5. HP: 18/42 MP: 4/4
  1799 | D:4      | HP: 2/42 [poisoned by a worker ant]
  1801 | D:4      | Succumbed to a worker ant's poison

Skill      XL: |  1  2  3 |
---------------+----------+-----
Long Blades    | 3 4 |  4.0
Fighting       | |  3.9
Armour         | |  3.0
Shields        | |  3.0

Action                   |  1- 3 |  4- 6 || total
-------------------------+-------+-------++-------
Melee: Long sword        |    89 |    55 ||   144
  Use: Scroll            |       |     5 ||     5
       Potion            |       |     5 ||     5
  Eat: Chunk             |       |     2 ||     2
Armor: Scale mail        |    51 |    31 ||    82
Dodge: Dodged            |    64 |    28 ||    92
       Rpst.: Long sword |    20 |     7 ||    27
